 Dungeon Crawl Stone Soup version 0.31-a0-875-g02e7d12 (webtiles) character file.

Game seed: 5230565883470031958

6 Foolish the Grave Robber (level 1, 0/13 HPs)
             Began as a Vampire Necromancer on Sept 13, 2023.
             Succumbed to a kobold's poison
             ... on level 1 of the Dungeon on Oct 12, 2023.
             The game lasted 00:03:18 (255 turns).

Foolish the Grave Robber (Vampire Necromancer)       Turns: 255, Time: 00:03:19

Health: 0/13       AC:  2    Str:  7    XL:     1   Next: 75%
Magic:  3/3        EV: 12    Int: 17    God:
Gold:   34         SH:  0    Dex: 14    Spells: 3/4 levels left

rFire   . . .        (no weapon)
rCold   . . .        (no shield)
rNeg    . . .        a - +0 robe
rPois   .            (no helmet)
rElec   .            (no cloak)
rCorr   .            (no gloves)
SInv    +            (no boots)
Will    .....        (no amulet)
Stlth   ++           (no ring)
HPRegen 0.42/turn    (no ring)
MPRegen 0.08/turn

%: no passive effects
@: lethally poisoned (0 -> -8), healing quickly
A: alive, fangs 3, see invisible, vampiric 1
a: Exsanguinate


You were on level 1 of the Dungeon.
You visited 1 branch of the dungeon, and saw 1 of its levels.

You collected 34 gold pieces.

Inventory:

Armour
 a - a +0 robe (worn)
Potions
 b - a potion of magic


   Skills:
 + Level 2.2 Dodging
 + Level 3.0 Stealth
 + Level 2.0 Spellcasting
 + Level 4.7 Necromancy


You had 3 spell levels left.
You knew the following spells:

 Your Spells              Type           Power      Damage    Failure   Level
a - Necrotise             Necr           68%        1d7       2%          1

Your spell library contained the following spells:

 Spells                   Type           Power      Damage    Failure   Level
 Vampiric Draining        Necr           17%        2d7       9%          3
 Animate Dead             Necr           17%        N/A       26%         4
 Agony                    Necr           17%        N/A       58%         5


Dungeon Overview and Level Annotations

Branches:
Dungeon (1/15)

Altars:


Innate Abilities, Weirdness & Mutations

Your natural rate of healing is accelerated.
You have razor-sharp teeth.
You have supernaturally acute eyesight. (SInv)
You are afflicted with vampirism.


Message History

The hobgoblin is almost dead.
The hobgoblin closely misses you.
You hit the hobgoblin but do no damage.
The hobgoblin is almost dead.
The hobgoblin barely misses you.
You hit the hobgoblin.
You kill the hobgoblin!
There are no items here.
There is an open door here.
A rat comes into view.
The rat barely misses you.
You hit the rat. You bite the rat.
You kill the rat!
Key pressed, stopping explore.
A kobold comes into view. It is wielding a +0 dagger of venom.
Found a stone staircase leading down.
The kobold shouts!
The kobold completely misses you.
You hit the kobold but do no damage. The kobold closely misses you.
You hit the kobold but do no damage. Your bite misses the kobold.
The kobold hits you with a +0 dagger of venom.
You are poisoned.
You hit the kobold but do no damage.
You feel sick.
The kobold hits you with a +0 dagger of venom.
You are lethally poisoned!
You hit the kobold but do no damage.
You feel very sick. The kobold barely misses you.
What are your orders? t - Shout!
Orders for allies: a - Attack new target. r - Retreat! s - Stop attacking. g - Guard the area. f - Follow me.
Anything else - Cancel.
You shout for attention!
* * * LOW HITPOINT WARNING * * *
You feel very sick. The kobold closely misses you.
You barely miss the kobold.
You die...

..#### #. ## #. #. #.#
#. ###.# #. .....
##+##### #. .##.#
#....... #K#.##.#
#....... #.@.##.#
#....... #..###.#
#.......
#..###.#####.......
#...##.............
##...##..####.......
#....##..####.......
#.>...#.......###'#####
#####.#.###.### #.# #
#.#.# #.# #.# #


You could see a kobold.

Vanquished Creatures
  A dart slug (D:1)
  A hobgoblin (D:1)
  2 frilled lizards (D:1)
  A rat (D:1)
5 creatures vanquished.

Notes
Turn   | Place    | Note
-------+----------+-------------------------------------------
     0 | D:1      | Foolish the Vampire Necromancer began the quest for the
                  | Orb.
     0 | D:1      | Reached XP level 1. HP: 13/13 MP: 3/3
    51 | D:1      | Upgraded the game from 0.31-a0-744-gbc345e7 to
                  | 0.31-a0-875-g02e7d12
   255 | D:1      | Succumbed to a kobold's poison

Illustrated notes

Levels and vault maps discovered:
D:1:      lightli_arrival_quake, layout_basic

Action                     || total
---------------------------++-------
  Melee: Unarmed           ||    35
         Bite              ||     6
         Punch             ||     1
   Cast: Necrotise         ||     2
    Use: Scroll            ||     1
   Stab: Sleeping          ||     1
 Armour: Robe              ||    12
  Dodge: Dodged            ||    18

Table legend: (Time is in decaauts)
 A = Elapsed time spent in this place.
 B = Non-inter-level travel time spent in this place.
 C = Inter-level travel time spent in this place.
 D = Time resting spent in this place.
 E = Time spent auto-exploring this place.
 F = Levels seen in this place.
 G = Mean time per level.
                   A        B        C        D        E       F      G
               +--------+--------+--------+--------+--------+-----+--------+
         Total |    255 |    115 |    140 |      0 |     10 |   1 |  255.0 |
       Dungeon |    255 |    115 |    140 |      0 |     10 |   1 |  255.0 |
               +--------+--------+--------+--------+--------+-----+--------+

Top non-repeatable levels by time:
     D:1: 255 daAuts
